 Dungeon Crawl Stone Soup version 0.22-a0-159-g7ce444f (webtiles) character file.

186 mhoghedin the Firebug (level 5, -3/38 HPs)
             Began as a Demigod Fire Elementalist on Feb 9, 2018.
             Slain by an ogre
             ... wielding a +0 giant club
              (11 damage)
             ... on level 4 of the Dungeon.
             The game lasted 00:07:27 (3747 turns).

mhoghedin the Firebug (Demigod Fire Elementalist)   Turns: 3747, Time: 00:07:28

Health: -3/38      AC:  2    Str: 11    XL:     5   Next: 15%
Magic:  4/12       EV: 12    Int: 21    God:
Gold:   149        SH:  0    Dex: 16    Spells: 4/10 levels left

rFire    . . .     SeeInvis .   f - +1 dagger
rCold    . . .     Gourm    .   (no shield)
rNeg     . . .     Faith    .   a - +0 robe
rPois    .         Spirit   .   (no helmet)
rElec    .         Reflect  .   (no cloak)
rCorr    .         Harm     .   (no gloves)
MR       .....                  (no boots)
Stlth    ++........             (no amulet)
HPRegen  0.12/turn              (no ring)
MPRegen  0.13/turn              (no ring)

@: no status effects
A: high mp 1
a: no special abilities


You were on level 4 of the Dungeon.
You were very hungry.

You visited 1 branch of the dungeon, and saw 4 of its levels.

You collected 149 gold pieces.

Inventory:

Hand Weapons
 f - a +1 dagger (weapon)
   (You found it on level 1 of the Dungeon)
Armour
 a - a +0 robe (worn)
Scrolls
 d - a scroll of magic mapping {!r}
 g - a scroll of remove curse
 k - a scroll of amnesia
Potions
 e - a potion of agility {unknown}
 i - a potion of degeneration {!q}
 n - a potion of haste
 o - a potion of heal wounds
Books
 b - a book of Flames
Comestibles
 c - 4 rations


   Skills:
 - Level 1.7 Dodging
 - Level 1.7 Stealth
 + Level 3.1 Spellcasting
 + Level 2.8 Conjurations
 + Level 3.8 Fire Magic


You had 4 spell levels left.
You knew the following spells:

 Your Spells              Type           Power        Failure   Level  Hunger
a - Flame Tongue          Conj/Fire      ###..        3%          1    None
c - Conjure Flame         Conj/Fire      ###.....     10%         3    ###....
x - Throw Flame           Conj/Fire      ###...       4%          2    ##.....


Dungeon Overview and Level Annotations

Branches:
Dungeon (4/15)
 Temple: D:4-7

Shops:
D:4 !

Annotations:
D:4 KristoblXynda's ghost, amateur DrGl


Innate Abilities, Weirdness & Mutations

You have an increased reservoir of magic. (+10% MP)


Message History

Aim: a phantom (lightly damaged)
The flame tongue misses the phantom.
Aim: a phantom (lightly damaged)
The flame tongue hits the phantom.
You now have 7/12 mp.
Aim: a phantom (lightly damaged)
The flame tongue misses the phantom.
You now have 6/12 mp.
Aim: a phantom (lightly damaged)
The flame tongue hits the phantom.
You now have 5/12 mp.
Aim: a phantom (moderately damaged)
The flame tongue hits the phantom.
You now have 4/12 mp.
Aim: a phantom (moderately damaged)
The flame tongue hits the phantom.
The phantom blinks!
You now have 3/12 mp.
Aim: a phantom (heavily damaged)
The puff of flame hits the phantom.
You are feeling hungry.
The phantom blinks!
You now have 1/12 mp.
You start resting.
Aim: a phantom (heavily damaged)
The puff of flame misses the phantom.
You now have 0/12 mp.
A phantom is nearby!
You barely miss the phantom. The phantom hits you!
The phantom blinks!
You take 10 damage, and have 14/38 hp.
MASSIVE DAMAGE!!
Aim: a phantom (heavily damaged)
The flame tongue hits the phantom.
The phantom hits you but does no damage.
You now have 0/12 mp.
The phantom hits you.
* * * LOW HITPOINT WARNING * * *
You take 6 damage, and have 8/38 hp.
The phantom completely misses you.
There is a stone staircase leading up here.
The phantom completely misses you.
You climb upwards.
There is a stone staircase leading down here.
You hit the phantom.
The phantom blinks!
The phantom barely misses you.
You climb downwards.
There is a stone staircase leading up here.
You start resting.
You are feeling very hungry.
You regained 17 hp, and now have 26/38 hp.
MP restored: 12 You start resting.
Health restored: 38
Okay, then.
Unknown command.
There is a stone staircase leading up here.
An ogre comes into view. It is wielding a giant club.
The ogre shouts!
There is a stone staircase leading down here.
An ogre is nearby!
Aim: an ogre, wielding a giant club The puff of flame hits the ogre.
You now have 10/12 mp.
Aim: an ogre, wielding a giant club (lightly wounded)
The flame tongue hits the ogre.
An adder comes into view.
You now have 9/12 mp.
Aim: an ogre, wielding a giant club (moderately wounded)
The flame tongue hits the ogre.
KristoblXynda's ghost (amateur Draconian Gladiator) comes into view.
You now have 8/12 mp.
Aim: an ogre, wielding a giant club (heavily wounded)
The flame tongue hits the ogre.
KristoblXynda's ghost turns its malevolent gaze towards you.
The ogre hits you with a giant club!
You take 17 damage, and have 21/38 hp.
MASSIVE DAMAGE!!
You now have 7/12 mp.
Aim: an ogre, wielding a giant club (severely wounded)
The flame tongue misses the ogre.
The flame tongue hits the adder.
The adder appears unharmed.
The ogre hits you with a giant club!
* * * LOW HITPOINT WARNING * * *
You take 10 damage, and have 11/38 hp.
MASSIVE DAMAGE!!
You now have 6/12 mp.
Aim: an ogre, wielding a giant club (severely wounded)
The flame tongue hits the ogre.
The ogre closely misses you.
You now have 5/12 mp.
Aim: an ogre, wielding a giant club (severely wounded)
The flame tongue hits the ogre.
You now have 4/12 mp.
Aim: an ogre, wielding a giant club (severely wounded)
The flame tongue misses the ogre.
The flame tongue misses KristoblXynda's ghost.
The adder bites you.
* * * LOW HITPOINT WARNING * * *
The ogre barely misses you. The adder closely misses you.
You take 3 damage, and have 8/38 hp.
Unknown command.
You closely miss the adder. The ogre hits you with a giant club!
You die...

##.....#.###### ##
####<.##..#.# ..
#.........#.# ##.#
#.##.###..#.. . ...
#.##.'∩#..#.#
l....#.######..###
#.#.#.............
#.#..WO.<##.########
......S@###.......#
#.......# #######.#
.###..... ##...#.
#...#.# #...# #
#...# #...#


You could see an ogre, KristoblXynda's ghost, an adder and a leopard gecko
(wandering).

Vanquished Creatures
  An orc priest (D:3)
  7 adders
  An ooze (D:1)
  6 dart slugs
  2 leopard geckos (D:1)
  5 orcs (D:3)
  9 bats
  2 giant cockroaches
  3 hobgoblins
  10 jackals
  A quokka (D:2)
  3 ball pythons (D:1)
  4 frilled lizards
  7 goblins
  9 kobolds
  8 rats
78 creatures vanquished.

Vanquished Creatures (others)
  An orc (D:3)
1 creature vanquished.

Grand Total: 79 creatures vanquished

Notes
Turn   | Place    | Note
-------+----------+-------------------------------------------
     0 | D:1      | mhoghedin the Demigod Fire Elementalist began the quest for the Orb.
     0 | D:1      | Reached XP level 1. HP: 14/14 MP: 5/5
    26 | D:1      | Reached skill level 1 in Conjurations
   179 | D:1      | Reached skill level 2 in Spellcasting
   275 | D:1      | Reached XP level 2. HP: 14/20 MP: 1/7
   373 | D:1      | Reached skill level 3 in Fire Magic
   488 | D:1      | Learned a level 2 spell: Throw Flame
  1115 | D:2      | Reached XP level 3. HP: 26/26 MP: 5/9
  1337 | D:2      | Reached skill level 2 in Conjurations
  1476 | D:2      | Found an opulent altar of Gozag.
  1525 | D:2      | Reached XP level 4. HP: 33/33 MP: 10/10
  1861 | D:2      | Learned a level 3 spell: Conjure Flame
  2441 | D:3      | Found a faded altar of an unknown god.
  2490 | D:3      | HP: 4/33 [orc/mace (7)]
  2507 | D:3      | HP: 4/33 [orc priest/nerve-wracking pain (13)]
  2511 | D:3      | Reached skill level 3 in Spellcasting
  2511 | D:3      | Reached XP level 5. HP: 5/38 MP: 1/12
  3441 | D:4      | Found Puss's Distillery.
  3452 | D:4      | Noticed a phantom
  3484 | D:4      | HP: 8/38 [phantom (6)]
  3738 | D:4      | Noticed an ogre
  3742 | D:4      | Noticed KristoblXynda's ghost (amateur DrGl)
  3746 | D:4      | HP: 8/38 [adder (3)]
  3747 | D:4      | Slain by an ogre

Vault maps used:
D:1:      dpeg_arrival_shrine, minivault_4
D:2:      serial_forest, infiniplex_forest_lined_corner,
          infiniplex_forest_lined_room_, infiniplex_forest_lined_2,
          infiniplex_forest_end_1, infiniplex_forest_straight_2,
          infiniplex_forest_end_1, first_ration, lemuel_altar_in_water2
D:3:      chequers_ecumenical_altar_lobes
D:4:      corexii_shack_village, serial_shops, nicolae_shop_window_shopping,
          nicolae_shop_window_shopping, corexii_hall_statues_s, uniq_pikel,
          uniq_menkaure

Skill      XL: |  1  2  3  4 |
---------------+-------------+-----
Conjurations   | 1 2 |  2.8
Spellcasting   | 2 3 |  3.1
Fire Magic     | 3 |  3.8
Dodging        | |  1.7
Stealth        | |  1.7

Action                   |  1- 3 |  4- 6 || total
-------------------------+-------+-------++-------
Melee: Unarmed           |     8 |       ||     8
       Dagger            |    27 |   109 ||   136
 Cast: Flame Tongue      |    62 |    53 ||   115
       Throw Flame       |     2 |     6 ||     8
       Conjure Flame     |       |     2 ||     2
  Use: Scroll            |       |    12 ||    12
       Potion            |       |     3 ||     3
 Stab: Sleeping          |     3 |     8 ||    11
       Invisible         |       |     1 ||     1
  Eat: Chunk             |     2 |     3 ||     5
       Ration            |       |     1 ||     1
Armor: Robe              |    11 |    31 ||    42
Dodge: Dodged            |    54 |   113 ||   167

Table legend:
 A = Spawn XP
 B = Non-spawn XP
 C = Spawn XP percentage of total XP
 D = Spawn monster count
 E = Non-spawn monster count
 F = Spawn count percentage of total count
 G = Total turns spent on level
                    A         B        C        D         E        F      G
               +---------+---------+-------+---------+---------+-------+---------
         Total |       0 |     267 |   0.0 |       0 |      78 |   0.0 |  3747
               +---------+---------+-------+---------+---------+-------+---------
           D:1 |       0 |      47 |   0.0 |       0 |      22 |   0.0 |  1102
           D:2 |       0 |     113 |   0.0 |       0 |      30 |   0.0 |  1167
           D:3 |       0 |     107 |   0.0 |       0 |      26 |   0.0 |  1166
               +---------+---------+-------+---------+---------+-------+---------

Vault maps used:
D:1:      dpeg_arrival_shrine, minivault_4
D:2:      serial_forest, infiniplex_forest_lined_corner,
          infiniplex_forest_lined_room_, infiniplex_forest_lined_2,
          infiniplex_forest_end_1, infiniplex_forest_straight_2,
          infiniplex_forest_end_1, first_ration, lemuel_altar_in_water2
D:3:      chequers_ecumenical_altar_lobes
D:4:      corexii_shack_village, serial_shops, nicolae_shop_window_shopping,
          nicolae_shop_window_shopping, corexii_hall_statues_s, uniq_pikel,
          uniq_menkaure

Table legend:
 A = Turns spent in this place as a percentage of turns spent in the entire game.
 B = Non-inter-level travel turns spent in this place as a percentage of non-inter-level travel turns spent in the entire game.
 C = Inter-level travel turns spent in this place as a percentage of turns spent in this place.
 D = Turns resting spent in this place as a percentage of non-inter-level travel turns spent in this place.
 E = Turns spent auto-exploring this place as a percentage of non-inter-level travel turns spent in this place.
 F = Non-inter-level travel turns spent in this place divided by the number of levels of this place that you've seen.
                   A       B       C       D       E      F
               +-------+-------+-------+-------+-------+----------------------
         Total | 100.0 | 100.0 |   2.7 |  44.0 |  38.2 | 911.5
       Dungeon | 100.0 | 100.0 |   2.7 |  44.0 |  38.2 | 911.5
               +-------+-------+-------+-------+-------+----------------------

Table legend:
 A = Kills in this place as a percentage of kills in entire the game.
 B = Kills by you in this place as a percentage of kills by you in the entire game.
 C = Kills by friends in this place as a percentage of kills by friends in the entire game.
 D = Other kills in this place as a percentage of other kills in the entire game.
 E = Experience gained in this place as a percentage of experience gained in the entire game.
 F = Experience gained in this place divided by the number of levels of this place that you have seen.
                   A       B       C       D       E      F
               +-------+-------+-------+-------+-------+----------------------
         Total | 100.0 | 100.0 |   N/A |   N/A | 100.0 |  66.8
       Dungeon | 100.0 | 100.0 |   N/A |   N/A | 100.0 |  66.8
               +-------+-------+-------+-------+-------+----------------------
